 Dungeon Crawl Stone Soup version 0.30-a0-1094-g860fb061e7 (webtiles) character file.

Game seed: 13505893782190114781

5210 Newt the Conjurer (level 10, -2/63 HPs)
             Began as a Demonspawn Gladiator on Apr 17, 2023.
             Was a Follower of Hepliaklqana.
             Slain by a shadow (4 damage)
             ... on level 9 of the Dungeon.
             The game lasted 00:14:40 (11984 turns).

Newt the Conjurer (Demonspawn Gladiator)           Turns: 11984, Time: 00:14:40

Health: -2/63      AC:  6    Str: 17    XL:     10   Next: 35%
Magic:  0/18       EV: 18    Int: 13    God:    Hepliaklqana [*.....]
Gold:   232        SH: 13    Dex: 15    Spells: 15/19 levels left

rFire   + + +      SeeInvis .    A - +1 falchion (elec)
rCold   . . .      Faith    .    f - +3 warlock's mirror {omnireflect}
rNeg    . . .      Spirit   +    D - +0 steam dragon scales
rPois   .          Reflect  +    L - +2 hat
rElec   +          Rampage  +    R - +0 cloak {rCorr}
rCorr   +          Harm     + .  (no gloves)
Will    .....                    O - -2 pair of boots of the Planets {Contam Rampage rElec rF+++}
Stlth   +                        x - amulet "Taebb" {Reflect Harm SH+5}
HPRegen 0.30/turn                J - +5 ring of evasion
MPRegen 0.32/turn                M - ring of protection from fire

@: no status effects
A: reduced essence, magic shield, magic regeneration, magic link, big brain 1,
demonic magic 1, weakness stinger 1, deformed body, MP-powered wands
a: Renounce Religion, Recall Ancestor, Ancestor Identity


You were on level 9 of the Dungeon.
You worshipped Hepliaklqana.
Hepliaklqana was aware of your devotion.
You visited 2 branches of the dungeon, and saw 10 of its levels.

You collected 558 gold pieces.
You spent 326 gold pieces at shops.

Inventory:

Hand Weapons
 a - a +0 rapier
 j - a +1 short sword of speed
 A - a +1 falchion of electrocution (weapon)
Missiles
 d - 5 throwing nets
 e - a javelin
 g - 132 stones
 k - 53 poisoned darts
Armour
 b - a +0 leather armour
 c - a +0 helmet
 f - the +3 warlock's mirror (worn) {omnireflect}
   (You acquired it on level 2 of the Dungeon)

   Omnireflect: It can block and reflect piercing ranged attacks and magical
   attacks against the wielder's willpower.
 w - a +0 pair of boots
 D - +0 steam dragon scales (worn)
 L - a +2 hat (worn)
 N - a +2 pair of boots
 O - the -2 pair of boots of the Planets (worn) {Contam Rampage rElec rF+++}
   (You found it on level 7 of the Dungeon)

   rF:        It renders you almost immune to fire.
   rElec:     It insulates you from electricity.
   Contam:    It causes magical contamination when unequipped.
   Rampage:   It bestows one free step when moving towards enemies.
 P - the +18 Lear's hauberk
   (You found it on level 7 of the Dungeon)
 R - a +0 cloak of preservation (worn)
Jewellery
 x - the amulet "Taebb" (around neck) {Reflect Harm SH+5}
   (You found it on level 3 of the Dungeon)

   [amulet of reflection]

   It reflects blocked missile attacks.
   SH:        It affects your SH (+5).
   Harm:      It increases damage dealt and taken.
 J - a +5 ring of evasion (left hand)
 M - a ring of protection from fire (right hand)
 Q - a ring of protection from cold
Wands
 p - a wand of polymorph (6)
 u - a wand of charming (11)
 C - a wand of digging (7)
Scrolls
 o - a scroll of noise
 t - 2 scrolls of blinking
 v - 3 scrolls of fog
 y - a scroll of amnesia
 B - 3 scrolls of teleportation
 E - 3 scrolls of magic mapping
 F - a scroll of brand weapon
 I - a scroll of vulnerability
 K - a scroll of enchant armour
 T - a scroll of immolation
Potions
 h - a potion of attraction
 l - a potion of degeneration
 m - a potion of lignification
 n - a potion of mutation
 q - a potion of flight
 r - a potion of magic
 s - a potion of invisibility
 z - a potion of resistance
 G - a potion of cancellation
 H - a potion of might
 S - a potion of heal wounds {unknown}


   Skills:
 - Level 4.0 Fighting
 - Level 2.6(4.5) Short Blades
 - Level 5.6(6.0) Long Blades
 - Level 1.7 Throwing
 + Level 5.4 Armour
 - Level 4.0 Dodging
 - Level 4.0 Shields
 - Level 5.4 Spellcasting
 - Level 6.2 Conjurations
 - Level 5.4 Earth Magic


You had 15 spell levels left.
You knew the following spells:

 Your Spells              Type           Power      Damage    Failure   Level
a - Sandblast             Erth           34%        2d9       2%          1
b - Stone Arrow           Conj/Erth      36%        3d9       6%          3

Your spell library contained the following spells:

 Spells                   Type           Power      Damage    Failure   Level
 Foxfire                  Conj/Fire      44%        2x1d6     6%          1
 Passwall                 Tmut/Erth      8%         N/A       12%         2
 Slow                     Hex            12%        N/A       22%         1
 Sticky Flame             Conj/Fire      11%        2d3       54%         4
 Confusing Touch          Hex            3%         N/A       56%         3
 Ignite Poison            Fire/Tmut/Pois 3%         N/A       56%         3
 Vampiric Draining        Necr           3%         2d6       56%         3
 Fireball                 Conj/Fire      5%         3d5       87%         5
 Plasma Beam              Fire/Air       1%         2x1d12    100%        6
 Starburst                Conj/Fire      5%         6d4       100%        6
 Ignition                 Fire           1%         3d3       100%        8


Dungeon Overview and Level Annotations

Branches:
Dungeon (9/15)             Temple (1/1) D:7
   Lair: D:8-11         Orc: D:9-12

Altars:
Cheibriados
Dithmenos
Hepliaklqana
Kikubaaqudgha
Makhleb
Nemelex Xobeh
Okawaru
Qazlal
Ru
Sif Muna
Trog
Uskayaw
Xom
Yredelemnul

Shops:
D:5 :   D:7 [   D:8 [[


Innate Abilities, Weirdness & Mutations

Your life essence is reduced to manifest your ancestor. (-10% HP)
When hurt, damage is shared between your health and your magic reserves.
You regenerate magic rapidly.
When low on magic, you restore magic in place of health.
You have an unusually large brain. (Int +2)
Spells you cast may paralyse adjacent enemies.
You have a small tail.
Armour fits poorly on your strangely shaped body.
You expend magic power (3 MP) to strengthen your wands.


Message History

Deactivating autopickup; reactivate with Ctrl-A.
You swap places.
You feel yourself speed up.
You feel sick.
The shadow strikes at you from the darkness!
* * * LOW HITPOINT WARNING * * *
Reactivating autopickup.
Muriel hits the shadow but does no damage.
You don't have enough magic to cast this spell.
You don't have enough magic to cast this spell.
Unknown command.
You feel better. The shadow hits you!
* * * LOW HITPOINT WARNING * * *
Muriel barely misses the shadow.
Unknown command.
The shadow hits Muriel.
Muriel barely misses the shadow.
Unknown command.
Casting: Stone Arrow (dangerous; 6% risk of failure)
Confirm with . or Enter, or press ? or * to list all spells.
Aiming: Sandblast (safe; 2% risk of failure)
Press: ? - help, Shift-Dir - straight line, f - shadow
Aim: a shadow (ally target, 82% to hit)
The blast of sand hits the shadow but does no damage.
Malevolent energies surge around you.
The shadow hits Muriel!
Muriel hits the shadow.
The shadow barely misses Muriel.
Unknown command.
Okay, then.
Muriel barely misses the shadow.
The shadow hits Muriel.
Muriel misses the shadow.
The shadow barely misses Muriel.
Muriel hits the shadow.
The shadow slips into darkness.
The shadow flickers and vanishes!
Deactivating autopickup; reactivate with Ctrl-A.
Muriel closely misses something.
Muriel barely misses something.
The shadow strikes at you from the darkness!
* * * LOW HITPOINT WARNING * * *
Reactivating autopickup.
The shadow attacks as you move away! The shadow hits you.
You die...

#.............. ..
#.............. .. ##### ####
#.............. .###...###..###
##.............#...............
##.R...#.....#.. #...........
##.#### ##.##.# ###.........
#.# #.##.####........... #.#
#.##......##........ #.#
#.W@<########......)
#.#######...## ####...##.
#..R......#.# #....#####
##########..# #.##.##### #..##
##.##...##. #...## #....<.....
#....## #.......... ###...#
#.......... #...#######.#####


You could see a shadow.

Vanquished Creatures
  Pikel (D:6)
  Maggie (D:6)
  A troll (D:7)
  A hornet (D:9)
  Prince Ribbit (D:9)
  A wyvern (D:9)
  2 water moccasins
  2 black bears
  2 orc warriors
  An ice beast (D:5)
  A sky beast (D:7)
  An ogre (D:4)
  5 kobold brigands
  A phantom (D:7)
  Blork the orc (D:5)
  3 bullfrogs
  4 scorpions
  A killer bee (D:5)
  7 hounds
  A jelly (D:6)
  A sleepcap (Temple)
  2 orc priests
  3 gnoll boudas
  Natasha (twice) (D:2)
  11 iguanas
  7 orc wizards
  28 gnolls
  8 adders
  A white imp (D:6)
  A worm (D:3)
  14 dart slugs
  23 orcs
  7 ball pythons
  6 bats
  5 endoplasms
  8 goblins
  5 hobgoblins
  4 quokkas
  4 frilled lizards
  42 kobolds
  5 rats
225 creatures vanquished.

Vanquished Creatures (collateral kills)
  A hornet (D:8)
  2 orc warriors (D:8)
  A sky beast (D:8)
  An orc wizard (D:8)
  2 orcs
  A kobold (D:7)
8 creatures vanquished.

Vanquished Creatures (others)
  A kobold brigand (D:6)
  6 plants (D:8)
7 creatures vanquished.

Grand Total: 240 creatures vanquished

Notes
Turn   | Place    | Note
-------+----------+-------------------------------------------
     0 | D:1      | Newt the Demonspawn Gladiator began the quest for the Orb.
     0 | D:1      | Reached XP level 1. HP: 16/16 MP: 1/1
   197 | D:1      | Gained mutation: You have an unusually large brain. (Int
                  | +2) [demonic ancestry]
   197 | D:1      | Reached XP level 2. HP: 23/23 MP: 2/2
   493 | D:1      | Noticed a floating eye
   497 | D:1      | Found a faded altar of an unknown god.
   606 | D:1      | Noticed a great orb of eyes
   609 | D:1      | Noticed an eye of devastation
   666 | D:1      | Noticed a shining eye
  1015 | D:2      | Reached XP level 3. HP: 29/29 MP: 3/3
  1466 | D:2      | Noticed Natasha
  1477 | D:2      | Killed Natasha
  1478 | D:2      | Gained mutation: You regenerate magic rapidly. [demonic
                  | ancestry]
  1478 | D:2      | Reached XP level 4. HP: 25/37 MP: 4/4
  1630 | D:2      | Identified a scroll of acquirement
  1630 | D:2      | Acquired the +3 warlock's mirror {omnireflect}
  1630 | D:2      | Found the +3 warlock's mirror {omnireflect}
  1682 | D:2      | Noticed Natasha
  1687 | D:2      | Natasha changed into Natasha the kobold
  1687 | D:2      | Noticed Natasha
  1696 | D:2      | Killed Natasha the kobold
  1718 | D:2      | Noticed Natasha
  1732 | D:2      | Killed Natasha
  2455 | D:3      | Identified the amulet "Taebb" {Reflect Harm SH+5}
  2584 | D:3      | Gained mutation: Spells you cast may paralyse adjacent
                  | enemies. [demonic ancestry]
  2584 | D:3      | Reached XP level 5. HP: 37/42 MP: 5/5
  2645 | D:3      | Reached skill level 1 in Shields
  3298 | D:4      | Gained mutation: You do not regenerate when monsters are
                  | visible. [potion of mutation]
  3298 | D:4      | Gained mutation: You possess an exceptional clarity of
                  | mind. [potion of mutation]
  3299 | D:4      | Lost mutation: You possess an exceptional clarity of mind.
                  | [potion of mutation]
  3299 | D:4      | Lost mutation: You do not regenerate when monsters are
                  | visible. [potion of mutation]
  3299 | D:4      | Gained mutation: Armour fits poorly on your strangely
                  | shaped body. [potion of mutation]
  3299 | D:4      | Gained mutation: You expend magic power (3 MP) to
                  | strengthen your wands. [potion of mutation]
  3335 | D:4      | Noticed an ogre
  3350 | D:4      | Killed an ogre
  3351 | D:4      | Gained mutation: When hurt, damage is shared between your
                  | health and your magic reserves. [demonic ancestry]
  3351 | D:4      | Reached XP level 6. HP: 33/48 MP: 6/6
  3802 | D:4      | Reached skill level 1 in Spellcasting
  3802 | D:4      | Reached skill level 1 in Earth Magic
  4223 | D:4      | Found a sparkling altar of Nemelex Xobeh.
  4525 | D:4      | Reached XP level 7. HP: 24/54 MP: 9/9
  4654 | D:4      | Learned a level 1 spell: Sandblast
  4856 | D:5      | Entered Level 5 of the Dungeon
  4856 | D:5      | Noticed Blork the orc
  4865 | D:5      | Killed Blork the orc
  5288 | D:5      | Found a hide-covered altar of Uskayaw.
  5524 | D:5      | Reached XP level 8. HP: 46/60 MP: 11/13
  6105 | D:5      | Found Larummug's Vocational Training.
  6625 | D:6      | Noticed Maggie
  6655 | D:6      | Killed Maggie
  6656 | D:6      | Reached skill level 5 in Spellcasting
  6656 | D:6      | Reached skill level 5 in Earth Magic
  6902 | D:6      | Reached skill level 1 in Conjurations
  7156 | D:6      | Reached skill level 2 in Conjurations
  7279 | D:6      | Learned a level 3 spell: Stone Arrow
  7291 | D:6      | Noticed Pikel
  7303 | D:6      | Killed Pikel
  7304 | D:6      | Reached skill level 5 in Conjurations
  7304 | D:6      | Gained mutation: You have a small tail. [demonic ancestry]
  7304 | D:6      | Reached XP level 9. HP: 60/65 MP: 9/17
  7914 | D:6      | Reached skill level 6 in Conjurations
  7960 | D:6      | Found a shimmering altar of Xom.
  8585 | D:7      | Reached skill level 1 in Long Blades
  8863 | D:7      | Found a staircase to the Ecumenical Temple.
  8917 | Temple   | Entered the Ecumenical Temple
  8917 | Temple   | Found a transporter.
  8917 | Temple   | Found a transporter.
  8924 | Temple   | Found a transporter.
  8924 | Temple   | Found a transporter.
  8960 | Temple   | Became a worshipper of Hepliaklqana the Forgotten
  8986 | D:7      | Found Miubueg's Antique Armour Shop.
  8996 | D:7      | Bought an embroidered hat for 154 gold pieces
  9430 | D:7      | Noticed a troll
  9447 | D:7      | Killed a troll
  9448 | D:7      | Reached skill level 5 in Long Blades
  9564 | D:7      | Found the +18 Lear's hauberk
  9586 | D:7      | Got the -2 pair of boots of the Planets {Contam Rampage
                  | rElec rF+++}
  9872 | D:7      | Reached * piety under Hepliaklqana
  9985 | D:7      | Found an ancient bone altar of Kikubaaqudgha.
 10489 | D:8      | Reached skill level 1 in Armour
 10637 | D:8      | Gained mutation: When low on magic, you restore magic in
                  | place of health. [demonic ancestry]
 10637 | D:8      | Reached XP level 10. HP: 29/63 MP: 2/18
 11336 | D:8      | Found Kuqoeh's Antique Armour Shoppe.
 11344 | D:8      | Bought a runed cloak for 172 gold pieces
 11410 | D:8      | Found Udam's Armour Emporium.
 11753 | D:9      | Noticed Prince Ribbit
 11760 | D:9      | Killed Prince Ribbit
 11761 | D:9      | Reached skill level 5 in Armour
 11890 | D:9      | Found a sacrificial altar of Ru.
 11982 | D:9      | HP: 2/63 [something (8)]
 11984 | D:9      | Slain by a shadow

Illustrated notes

Levels and vault maps discovered:
D:1:      sevenhm_arrival_forest_fort_large_4, layout_loops_cross,
          hellmonk_ecumenical_altar_watching_god, chequers_serial_rivers_marsh
D:2:      layout_loops_ring, uniq_natasha
D:3:      kennysheep_slugbush, layout_rooms, nicolae_tso_carved_into_rock,
          grunt_ministairs_6, kennysheep_generic_room_9
D:4:      layout_basic, nemelex_spade_bored_becter
D:5:      minmay_chambers_of_fours, layout_gridville,
          nicolae_uskayaw_dance_hall, serial_co_window_serial,
          co_window_corner_a, co_window_paths_a, co_window_paths_a,
          co_window_corner_a, co_window_paths_a, co_window_corner_cb,
          co_window_broadway_c, co_window_of_opportunity_b, co_window_paths_c,
          co_window_broadway_a, co_window_corner_b, glass_columns_a,
          glass_columns_a, glass_columns_b, glass_columns_c, glass_columns_b,
          minivault_25, minmay_misc_feat_rows, nicolae_shop_vocational,
          uniq_blork_the_orc
D:6:      layout_basic, mainiacjoe_overflow_24_doors, uniq_maggie, uniq_pikel
D:7:      layout_basic, kennysheep_little_box, minmay_temple_entry_junction,
          serial_shops, shop, hellmonk_guarded_unrand_lears
D:8:      kennysheep_kobold_camp, layout_loops_ring, serial_shops,
          kennysheep_mini, nicolae_shop_statue_plus
D:9:      layout_rooms, mainiacjoe_overflow_surrounded_room,
          nicolae_ru_sacrificial_ziggurat, erik_orc_1, uniq_prince_ribbit1
Temple:   hellmonk_temple_divided_pantheon

Skill      XL: |  1  2  3  4  5  6  7  8  9 10 |
---------------+-------------------------------+-----
Fighting       | 3 4 |  4.0
Dodging        | 3 4 |  4.0
Shields        | 3 4 |  4.0
Spellcasting   | 1 3 5 |  5.4
Earth Magic    | 1 3 5 |  5.4
Conjurations   | 5 6 |  6.2
Long Blades    | 5 |  5.6
Armour         | 2 5 |  5.4
Short Blades   | |  2.6
Throwing       | |  1.7

Action                     |  1- 3 |  4- 6 |  7- 9 | 10-12 || total
---------------------------+-------+-------+-------+-------++-------
  Melee: Rapier            |    60 |       |       |       ||    60
         Short sword       |    45 |   348 |    12 |       ||   405
         Unarmed           |     3 |     8 |       |       ||    11
         Falchion          |       |       |   331 |    34 ||   365
         Tailslap          |       |       |    32 |     4 ||    36
  Throw: Dart              |       |     2 |       |       ||     2
         Throwing net      |       |     2 |     1 |       ||     3
         Javelin           |       |     2 |       |       ||     2
   Cast: Sandblast         |       |       |    49 |     8 ||    57
         Stone Arrow       |       |       |    35 |    10 ||    45
    Use: Scroll            |     3 |     8 |     5 |     3 ||    19
         Potion            |     1 |     5 |     4 |     1 ||    11
   Stab: Sleeping          |       |     1 |       |     1 ||     2
         Held in net/web   |       |     3 |       |       ||     3
         Paralysed         |       |       |    34 |     7 ||    41
 Armour: Leather armour    |    31 |    38 |    18 |       ||    87
         Skin              |     1 |     4 |       |       ||     5
         Steam dragon scal |       |       |    41 |     5 ||    46
         Chain mail        |       |       |     2 |       ||     2
  Dodge: Dodged            |    73 |    73 |   182 |    23 ||   351
  Block: Buckler           |       |   121 |   318 |    20 ||   459
         Reflection        |       |    10 |    16 |     2 ||    28

Table legend: (Time is in decaauts)
 A = Elapsed time spent in this place.
 B = Non-inter-level travel time spent in this place.
 C = Inter-level travel time spent in this place.
 D = Time resting spent in this place.
 E = Time spent auto-exploring this place.
 F = Levels seen in this place.
 G = Mean time per level.
                   A        B        C        D        E       F      G
               +--------+--------+--------+--------+--------+-----+--------+
         Total |  11966 |  11562 |    404 |   3091 |   6584 |  10 | 1196.6 |
       Dungeon |  11907 |  11517 |    390 |   3091 |   6584 |   9 | 1323.0 |
        Temple |     58 |     44 |     14 |      0 |      0 |   1 |   58.0 |
               +--------+--------+--------+--------+--------+-----+--------+

Top non-repeatable levels by time:
     D:6: 2096 daAuts
     D:7: 1711 daAuts
     D:5: 1683 daAuts
     D:4: 1486 daAuts
     D:8: 1424 daAuts
     D:2: 1145 daAuts
     D:3: 1117 daAuts
     D:1: 982 daAuts
     D:9: 260 daAuts
  Temple: 58 daAuts
